AoeStats
← nightmare

Arabia

510081484Analyzed
1v1 RM · 4d ago on Sep 29, 2026· 48m 58s· 2 players
Game mode
Random Map
Map size
Tiny (2 player)
Population
200
Speed
Normal
Resources
Standard
Victory
Conquest
Starting age
Dark Age
Ending age
Imperial Age
RankedLock teamsTeams togetherTeam positionsShared explorationLock speedFull tech treeHidden civsTurbo modeCheats
Victory
Defeat
🇷🇸 Hindustanis · Serbia
940
+18
🇪🇸 Maya · Spain
977
-18
nightmare
9:54 Feudal Age
12:35 Bloodlines
12:21 Double-Bit Axe
13:40 Scale Barding Armor
22:14 Castle Age
21:06 Fletching
22:51 Elite Skirmisher
24:01 Bow Saw
25:42 Bodkin Arrow
27:01 Wheelbarrow
30:07 Town Watch
30:08 Loom
33:04 Thumb Ring
37:59 Padded Archer Armor
38:21 Chain Barding Armor
40:43 Ballistics
43:21 Imperial Age
41:41 Man-at-Arms
43:01 Gold Mining
43:26 Long Swordsman
44:30 Bracer
46:00 Chemistry
44:53 Two-Handed Swordsman
47:06 Two-Man Saw
49:00 Conscription
jmb183
0:26 Loom
9:36 Feudal Age
10:55 Double-Bit Axe
12:25 Horse Collar
12:57 Gold Mining
15:20 Fletching
22:54 Castle Age
21:53 Fletching
22:58 Padded Archer Armor
23:32 Bodkin Arrow
24:52 Bow Saw
24:59 Crossbowman
27:34 Wheelbarrow
28:35 Thumb Ring
31:57 Hand Cart
34:59 Leather Archer Armor
37:56 Scale Mail Armor
38:06 Forging
37:40 Eagle Warrior
42:00 Chain Mail Armor
44:03 Iron Casting
Connection lost

Rejoining the realm…

Still unreachable

The connection could not be restored.

Session expired

The server has moved on; the page needs a fresh start.